 Dungeon Crawl Stone Soup version 0.19.1 (webtiles) character file.

182 Mesmaeker13 the Charmwright (level 5, -8/38 HPs)
             Began as a Human Skald on Dec 6, 2016.
             Mangled by an ogre
             ... wielding a cursed -2 giant club
              (10 damage)
             ... on level 4 of the Dungeon.
             The game lasted 00:10:05 (3903 turns).

Mesmaeker13 the Charmwright (Human Skald)           Turns: 3903, Time: 00:10:06

Health: -8/38      AC:  4    Str: 13    XL:     5   Next: 93%
Magic:  6/8        EV: 11    Int: 13    God:
Gold:   125        SH:  0    Dex: 12    Spells: 3 memorised, 3 levels left

rFire  . . .     SeeInvis .     a - +0 falchion
rCold  . . .     Gourm    .     b - +0 leather armour
rNeg   . . .     Faith    .     (no shield)
rPois  +         Spirit   .     i - +0 helmet
rElec  .         Reflect  .     (no cloak)
rCorr  .         Harm     .     (no gloves)
MR     .....                    (no boots)
Stlth  +.........               (no amulet)
                                (no ring)
                                r - ring of poison resistance

@: infused (expiring), very slightly contaminated, invisible
A: no striking features
a: no special abilities


You were on level 4 of the Dungeon.
You were hungry.

You visited 1 branch of the dungeon, and saw 4 of its levels.

You collected 125 gold pieces.

Inventory:

Hand Weapons
 a - a +0 falchion (weapon)
Missiles
 e - 15 poisoned needles
 q - 2 tomahawks (quivered)
Armour
 b - a +0 leather armour (worn)
 f - a +0 ring mail
 i - a +0 helmet (worn)
Jewellery
 m - an uncursed ring of poison resistance
 r - a ring of poison resistance (left hand)
Scrolls
 g - a scroll of remove curse
 n - 2 scrolls of teleportation {unknown}
 p - a scroll of magic mapping {unknown}
 y - a scroll of immolation {unknown}
 z - a scroll of recharging {unknown}
Potions
 h - a potion of curing
 l - a potion of brilliance {unknown}
 s - 2 potions of lignification {unknown}
 t - a potion of degeneration {unknown}
 v - a potion of cure mutation {unknown}
 w - a potion of flight {unknown}
 x - a potion of haste {unknown}
Books
 c - a book of Battle

   Spells                             Type                      Level
   a - Infusion                       Charms                       1
   b - Shroud of Golubria             Charms/Translocation         2
   c - Song of Slaying                Charms                       2
   d - Spectral Weapon                Hexes/Charms                 3
   e - Regeneration                   Charms/Necromancy            3
Comestibles
 d - 3 bread rations
 k - a meat ration
 u - a slice of pizza
 A - a beef jerky


   Skills:
 - Level 2.0 Fighting
 + Level 4.0 Long Blades
 - Level 1.0 Armour
 + Level 1.5 Dodging
 - Level 2.0 Spellcasting
 + Level 4.7 Charms


You had 3 spell levels left.
You knew the following spells:

 Your Spells              Type           Power        Failure   Level  Hunger
a - Infusion              Chrm           ##..         6%          1    ##.....
b - Song of Slaying       Chrm           ##......     10%         2    ###....
c - Shroud of Golubria    Chrm/Tloc      #.........   21%         2    ###....


Dungeon Overview and Level Annotations

Branches:
Dungeon (4/15)
 Temple: D:4-7

Altars:
Nemelex Xobeh

Annotations:
D:3 Jessica
D:4 4 runed doors


Message History

The ogre shouts!
The ogre hits you with a giant club!
You hear an angry hiss.
You strike the helpless ogre from behind!
You hit the ogre.
The ogre is moderately wounded.
You are feeling hungry.
You completely miss the ogre.
The ogre is moderately wounded.
The ogre hits you with a giant club!
* * * LOW HITPOINT WARNING * * *
There is a stone staircase leading up here.
The leopard gecko hisses angrily.
Your magical infusion is running out.
The leopard gecko hisses angrily.
There is a stone staircase leading down here.
There is a stone staircase leading up here.
You can't go down here!
The ogre hits you with a giant club!
You die...

......#.......##.+ +.
..... #.......##.+ +.
..... ###.##.###.# #. ....
#.##..##.## ##.
#.........# #.=
+.....###+# #+# #....##
#####....#
#######.l>O@...#
#....)<........#
#..............#
....#..######....## ## #..
#.....#
#...................
#.................##
############..............
.......# #............###


You could see an ogre and a leopard gecko (wandering).

Vanquished Creatures
  A centaur skeleton (D:3)
  3 gnolls
  3 adders
  A worm (D:3)
  3 dart slugs
  3 leopard geckos
  4 orcs
  4 bats
  2 giant cockroaches (D:1)
  10 hobgoblins
  5 jackals
  2 quokkas (D:3)
  2 ball pythons
  3 frilled lizards
  15 goblins
  6 kobolds
  13 rats
80 creatures vanquished.

Notes
Turn   | Place    | Note
-------+----------+-------------------------------------------
     0 | D:1      | Mesmaeker13 the Human Skald began the quest for the Orb.
     0 | D:1      | Reached XP level 1. HP: 16/16 MP: 3/3
    63 | D:1      | Reached XP level 2. HP: 10/22 MP: 0/5
   604 | D:1      | Reached XP level 3. HP: 21/27 MP: 2/6
  1169 | D:2      | Learned a level 2 spell: Song of Slaying
  1636 | D:2      | Reached XP level 4. HP: 23/33 MP: 3/7
  2086 | D:3      | Noticed Jessica
  2583 | D:3      | Noticed an ogre
  2605 | D:3      | Reached XP level 5. HP: 33/38 MP: 5/8
  2704 | D:3      | Found a sparkling altar of Nemelex Xobeh.
  2725 | D:3      | Learned a level 2 spell: Shroud of Golubria
  3047 | D:3      | Found a faded altar of an unknown god.
  3278 | D:4      | Noticed an ogre
  3662 | D:4      | Found a large runed door.
  3665 | D:4      | Found a large runed door.
  3676 | D:4      | Found a large runed door.
  3676 | D:4      | Found a large runed door.
  3896 | D:4      | HP: 1/38 [ogre/giant club (14)]
  3903 | D:4      | Mangled by an ogre

Skill      XL: |  1  2  3  4  5 |
---------------+----------------+-----
Long Blades    | 3 4 |  4.0
Charms         | 4 |  4.7
Fighting       | |  2.0
Armour         | |  1.0
Dodging        | |  1.5
Spellcasting   | |  2.0

Action                   |  1- 3 |  4- 6 || total
-------------------------+-------+-------++-------
Melee: Falchion          |   117 |   132 ||   249
Throw: Tomahawk          |       |     3 ||     3
 Cast: Infusion          |    12 |    11 ||    23
       Song of Slaying   |       |     1 ||     1
  Use: Scroll            |       |     4 ||     4
       Potion            |       |     3 ||     3
 Stab: Sleeping          |       |     1 ||     1
       Invisible         |       |     1 ||     1
  Eat: Chunk             |     3 |     7 ||    10
Armor: Leather armour    |    29 |    41 ||    70
Dodge: Dodged            |    57 |    99 ||   156
       Rpst.: Falchion   |    17 |    25 ||    42
